 Dungeon Crawl Stone Soup version 0.19.4-8-ga85b6b9 (webtiles) character file.

439 vatarom the Twirler (level 6, 0/44 HPs)
             Began as a Demonspawn Gladiator on Feb 12, 2017.
             Slain by a slave (8 damage)
             ... led by Pikel
             ... on level 4 of the Dungeon.
             The game lasted 00:07:52 (3683 turns).

vatarom the Twirler (Demonspawn Gladiator)          Turns: 3683, Time: 00:07:53

Health: 0/44       AC:  2    Str: 13 (16) XL:     6   Next: 70%
Magic:  6/6        EV: 12    Int: 10 (11) God:
Gold:   119        SH:  4    Dex: 12 (15) Spells: 0 memorised, 5 levels left

rFire  + . .     SeeInvis .     a - +1 quarterstaff
rCold  . . .     Gourm    .     b - +0 leather armour
rNeg   . . .     Faith    .     (shield currently unavailable)
rPois  .         Spirit   .     (helmet restricted)
rElec  .         Reflect  .     o - +0 cloak
rCorr  .         Harm     .     (no gloves)
MR     .....     Rnd*Tele +     (no boots)
Stlth  +.........               (no amulet)
                                n - ring of teleportation (curse)
                                e - ring of protection from fire

@: no status effects
A: antennae 2, claws 1, hooves 1, large bone plates 1, clever 1, deformed body,
powered by death 1
a: no special abilities


You were on level 4 of the Dungeon.
You were not hungry.

You visited 1 branch of the dungeon, and saw 4 of its levels.

You collected 119 gold pieces.

Inventory:

Hand Weapons
 a - a +1 quarterstaff (weapon)
Armour
 b - a +0 leather armour (worn)
 c - a +0 helmet
 o - a +0 cloak (worn)
Jewellery
 e - a ring of protection from fire (left claw)
 n - a cursed ring of teleportation (right claw)
Wands
 k - a wand of slowing (25/48)
Scrolls
 g - a scroll of blinking
Potions
 d - a potion of brilliance
 i - 2 potions of curing
 l - 2 potions of heal wounds
 m - a potion of magic
Books
 f - a book of Cantrips

   Spells                             Type                      Level
   a - Confusing Touch                Hexes                        1
   b - Animate Skeleton               Necromancy                   1
   c - Summon Small Mammal            Summoning                    1
   d - Apportation                    Translocation                1
Comestibles
 h - 2 meat rations
 j - 2 chunks of flesh
 q - 2 fruits


   Skills:
 - Level 2.0 Fighting
 + Level 7.0 Staves
 - Level 1.7 Throwing
 - Level 2.6 Dodging


You had 5 spell levels left.
You didn't know any spells.

Dungeon Overview and Level Annotations

Branches:
Dungeon (4/15)
 Temple: D:4-7

Altars:
Fedhas
The Shining One

Shops:
D:4 }

Annotations:
D:4 PeterLawrence's ghost, amateur MiFi; Pikel


Innate Abilities, Weirdness & Mutations

You have a pair of antennae on your head.
You are partially covered in large bone plates. (SH +4)
You regenerate a little health from kills.
You have sharp fingernails.
You have large cloven feet.
Your mind is acute. (Int +2)
Armour fits poorly on your strangely shaped body.


Message History

An iguana comes into view.
You hit Pikel but do no damage. You kick Pikel, but do no damage.
The bullfrog skeleton hits you. Pikel hits you with a whip of flaming.
You sock Pikel! You kick Pikel, but do no damage.
Pikel is moderately wounded.
The slave closely misses you. The bullfrog skeleton hits you.
You block Pikel's attack.
A hound comes into view.
The hound barks!
You hit Pikel. You kick Pikel, but do no damage.
Pikel is moderately wounded.
The slave hits you!
* * * LOW HITPOINT WARNING * * *
You block the bullfrog skeleton's attack.
You block the slave's attack. The iguana barely misses you.
Pikel hits you but does no damage. The bullfrog skeleton hits you.
* * * LOW HITPOINT WARNING * * *
The slave hits you!
You die...

....... .........
.........####
.............#########
##...........(..........
......................#.
Z.......................
.<..∩...................
.......Z........@p....#
...............Z.p....#
...............lK.....#
....#........(...)....#
.#.##.#.......$......h..
. .. . ......#.......##
. .. . ..........##.#
.........## ..#
.........# .#


You could see Pikel, 2 slaves, an iguana, a hound and a bullfrog skeleton.

Vanquished Creatures
  Sigmund (D:2)
  2 slaves (D:3)
  Terence (D:2)
  An iguana (D:4)
  Ijyb (D:2)
  Natasha (thrice) (D:2)
  A worker ant (D:4)
  3 adders
  An ooze (D:1)
  3 worms
  A dart slug (D:2)
  2 leopard geckos
  An orc (D:2)
  A giant cockroach (D:1)
  8 goblins
  8 hobgoblins
  3 jackals (D:1)
  9 kobolds
  2 quokkas (D:2)
  2 ball pythons
  8 bats
  6 frilled lizards (D:1)
  6 rats
74 creatures vanquished.

Notes
Turn   | Place    | Note
-------+----------+-------------------------------------------
     0 | D:1      | vatarom the Demonspawn Gladiator began the quest for the Orb.
     0 | D:1      | Reached XP level 1. HP: 16/16 MP: 1/1
   131 | D:1      | Reached skill level 3 in Staves
   161 | D:1      | Gained mutation: You are partially covered in large bone plates. (SH +4) [demonic ancestry]
   161 | D:1      | Reached XP level 2. HP: 15/22 MP: 2/2
   729 | D:1      | Gained mutation: You have a pair of small antennae on your head. [demonic ancestry]
   729 | D:1      | Reached XP level 3. HP: 27/27 MP: 3/3
   946 | D:2      | Noticed Ijyb
   963 | D:2      | Killed Ijyb
   963 | D:2      | Reached skill level 4 in Staves
   969 | D:2      | Noticed Terence
  1085 | D:2      | Noticed Sigmund
  1284 | D:2      | Gained mutation: You have a pair of antennae on your head. [demonic ancestry]
  1284 | D:2      | Reached XP level 4. HP: 24/33 MP: 4/4
  1493 | D:2      | Killed Terence
  1757 | D:2      | Noticed Natasha
  1763 | D:2      | Killed Natasha
  1763 | D:2      | Reached skill level 5 in Staves
  1764 | D:2      | Gained mutation: You regenerate a little health from kills. [demonic ancestry]
  1764 | D:2      | Reached XP level 5. HP: 38/38 MP: 5/5
  1827 | D:2      | Noticed Natasha
  1835 | D:2      | Killed Natasha
  1872 | D:2      | Killed Sigmund
  1872 | D:2      | Reached skill level 6 in Staves
  1872 | D:2      | Reached XP level 6. HP: 13/44 MP: 6/6
  1930 | D:2      | Noticed Natasha
  1945 | D:2      | Killed Natasha
  2216 | D:2      | Gained mutation: You are frail. (-10% HP) [potion of mutation]
  2216 | D:2      | Gained mutation: Your mind is acute. (Int +2) [potion of mutation]
  2216 | D:2      | Lost mutation: You are frail. (-10% HP) [potion of mutation]
  2547 | D:2      | Found a blossoming altar of Fedhas.
  2547 | D:2      | Found a glowing golden altar of the Shining One.
  2781 | D:3      | Gained mutation: You have sharp fingernails. [potion of mutation]
  2781 | D:3      | Gained mutation: Armour fits poorly on your strangely shaped body. [potion of mutation]
  2781 | D:3      | Gained mutation: You have large cloven feet. [potion of mutation]
  3055 | D:4      | Found Ufergh's Gadget Shoppe.
  3055 | D:4      | Noticed Pikel
  3055 | D:4      | Noticed a slave
  3055 | D:4      | Noticed a slave
  3055 | D:4      | Noticed a slave
  3055 | D:4      | Noticed a slave
  3058 | D:4      | Noticed PeterLawrence's ghost (amateur MiFi)
  3081 | D:3      | Killed a slave
  3101 | D:3      | Killed a slave
  3523 | D:4      | HP: 2/44 [worker ant (4)]
  3524 | D:4      | Reached skill level 7 in Staves
  3683 | D:4      | Slain by a slave

Skill      XL: |  1  2  3  4  5  6 |
---------------+-------------------+-----
Staves         | 3 4 5 6 7 |  7.0
Fighting       | |  2.0
Throwing       | |  1.7
Dodging        | |  2.6

Action                   |  1- 3 |  4- 6 || total
-------------------------+-------+-------++-------
Melee: Quarterstaff      |   143 |   168 ||   311
       Kick              |       |    19 ||    19
Throw: Throwing net      |       |     8 ||     8
  Use: Scroll            |     3 |     7 ||    10
       Potion            |     3 |     4 ||     7
 Stab: Held in net/web   |       |     4 ||     4
  Eat: Chunk             |     1 |       ||     1
       Bread ration      |       |     2 ||     2
Armor: Leather armour    |    70 |    22 ||    92
Dodge: Dodged            |   112 |    74 ||   186
Block: Other             |    23 |    27 ||    50
